 Dungeon Crawl Stone Soup version 0.29.1-13-g9f3cf754e1 (webtiles) character file.

Game seed: 9014524952148448457

111 sweetbreads the Digger (level 4, 0/24 HPs)
             Began as a Gargoyle Earth Elementalist on Jan 22, 2023.
             Slain by a quasit (1 damage)
             ... in a sewer.
             The game lasted 00:09:07 (1910 turns).

sweetbreads the Digger (GrEE)                       Turns: 1910, Time: 00:09:09

Health: 0/24       AC:  5    Str: 12      XL:     4   Next: 92%
Magic:  0/8        EV: 11    Int: 17      God:
Gold:   123        SH:  0    Dex:  6 (10) Spells: 5/9 levels left

rFire   . . .      SeeInvis .   a - +3 whip
rCold   . . .      Faith    .   (no shield)
rNeg    + . .      Spirit   .   p - +0 robe
rPois   ∞          Reflect  .   (no helmet)
rElec   +          Harm     .   (no cloak)
rCorr   .          Rampage  .   (no gloves)
Will    .....                   (no boots)
Stlth   ++........              (no amulet)
HPRegen 0.08/turn               (no ring)
MPRegen 0.11/turn               (no ring)

@: no status effects
A: sickness immunity, AC +3, negative energy resistance 1, electricity
resistance, torment resistance 1, petrification resistance
a: no special abilities


You were in a sewer.
You visited 1 branch of the dungeon, and saw 3 of its levels.
You also visited: Sewer.

You collected 123 gold pieces.

Inventory:

Hand Weapons
 a - a +3 whip (weapon)
 e - a +0 whip
 n - a +0 flail
 q - a +0 short sword of venom
Missiles
 h - 4 javelins
 o - 10 poisoned darts (quivered)
Armour
 m - a +2 ring mail of poison resistance
 p - a +0 robe (worn)
Scrolls
 c - a scroll of identify {unknown}
 d - a scroll of noise {unknown}
 f - a scroll of magic mapping {unknown}
 i - a scroll of teleportation {unknown}
 j - 2 scrolls of fear {unknown}
 k - a scroll of brand weapon {unknown}
Potions
 b - a potion of magic
 g - a potion of invisibility {unknown}
 l - a potion of heal wounds {unknown}


   Skills:
 + Level 1.7 Dodging
 + Level 2.4 Stealth
 - Level 3.0 Spellcasting
 * Level 1.4 Conjurations
 - Level 1.0 Transmutations
 + Level 5.1 Earth Magic


You had 5 spell levels left.
You knew the following spells:

 Your Spells              Type           Power      Damage    Failure   Level
a - Sandblast             Erth           40%        2d10      2%          1
b - Stone Arrow           Conj/Erth      26%        3d8       14%         3

Your spell library contained the following spells:

 Spells                   Type           Power      Damage    Failure   Level
 Passwall                 Tmut/Erth      10%        N/A       8%          2
 Petrify                  Tmut/Erth      12%        N/A       45%         4


Dungeon Overview and Level Annotations

Branches:
Dungeon (3/15)              Sewer (1/1)

Altars:

Shops:
D:1 (


Innate Abilities, Weirdness & Mutations

You are immune to sickness and miasma.
Your stone body is resilient. (AC +3)
You are immune to poison.
You resist negative energy. (rN+)
You are resistant to electric shocks. (rElec)
You are resistant to unholy torment.
You are immune to petrification.


Message History

Pain shoots through your body!
* * * LOW HITPOINT WARNING * * *
Unknown command.
Unknown command.
You closely miss the quasit.
The quasit is almost dead.
The quasit bites you but does no damage.
The quasit claws you but does no damage.
The quasit claws you.
* * * LOW HITPOINT WARNING * * *
The shadow imp hits you but does no damage.
Unknown command.
You hit the quasit but do no damage.
The quasit is almost dead.
The quasit bites you but does no damage.
The quasit claws you.
* * * LOW HITPOINT WARNING * * *
You feel clumsy. The quasit barely misses you.
The shadow imp completely misses you. The quasit bites you.
* * * LOW HITPOINT WARNING * * *
You feel clumsy. The quasit misses you. The quasit barely misses you.
Unknown command.
Unknown command.
You miss the quasit.
The quasit is almost dead.
The quasit completely misses you.
The quasit claws you but does no damage.
The quasit barely misses you. The shadow imp hits you.
* * * LOW HITPOINT WARNING * * *
Unknown command.
Unknown command.
You barely miss the quasit.
The quasit is almost dead.
The quasit barely misses you.
The quasit claws you but does no damage. x2
The shadow imp closely misses you. The quasit misses you.
The quasit barely misses you. The quasit claws you.
You die...

. .. #.
####'#############
≈#...#~~≈~≈≈#~≈≈#
~....)~.≈~~~~~≈≈#
...#.†....#
#+#######≈#######5#
#......#≈≈≈#...5@.#
#.~.~..#≈≈≈#..~.~~#
#≈≈~≈≈...≈...~~≈≈≈#
#≈≈≈≈≈~#...#≈≈≈≈≈≈#
#≈≈≈≈≈≈#...≈≈≈≈≈≈≈#
#≈≈≈≈≈≈#...#≈≈≈≈≈≈#
#≈≈≈≈≈≈≈.).#≈≈≈≈≈≈#
#≈≈≈≈≈~#...#≈≈≈≈≈≈#
#≈≈≈≈≈≈#...≈≈≈≈≈≈≈#


You could see a quasit and a shadow imp.

Vanquished Creatures
  3 gnolls (D:3)
  2 ufetubi (Sewer)
  3 orcs (D:3)
  4 ball pythons
  3 bats (D:1)
  3 endoplasms
  8 giant cockroaches
  6 hobgoblins (D:1)
  2 jackals (D:1)
  5 quokkas
  3 frilled lizards
  3 goblins (D:1)
  14 kobolds
  6 rats (D:1)
65 creatures vanquished.

Vanquished Creatures (others)
  An adder zombie (Sewer)
  An endoplasm (Sewer)
  2 kobold zombies (Sewer)
4 creatures vanquished.

Grand Total: 69 creatures vanquished

Notes
Turn   | Place    | Note
-------+----------+-------------------------------------------
     0 | D:1      | sweetbreads the Gargoyle Earth Elementalist began the quest
                  | for the Orb.
     0 | D:1      | Reached XP level 1. HP: 10/10 MP: 3/3
   270 | D:1      | Reached XP level 2. HP: 15/15 MP: 1/5
   468 | D:1      | Reached skill level 4 in Earth Magic
   826 | D:1      | Reached XP level 3. HP: 19/19 MP: 3/6
   830 | D:1      | Learned a level 3 spell: Stone Arrow
   917 | D:1      | Found Tolopal's Antique Weapon Emporium.
  1016 | D:1      | Found a faded altar of an unknown god.
  1466 | D:3      | Reached XP level 4. HP: 24/24 MP: 2/8
  1467 | D:3      | Reached skill level 1 in Conjurations
  1578 | D:3      | Found a glowing drain.
  1632 | Sewer    | Entered a sewer
  1636 | Sewer    | Reached skill level 1 in Transmutations
  1791 | Sewer    | Reached skill level 5 in Earth Magic
  1909 | Sewer    | HP: 1/24 [shadow imp (2)]
  1910 | Sewer    | Slain by a quasit

Illustrated notes

Levels and vault maps discovered:
D:1:      dpeg_arrival_line_fractal, layout_basic, ebering_ecumenical_altar_box,
          serial_shops, shop_statue
D:2:      layout_basic
D:3:      layout_loops_cross, gup_sewer_entry_pipe,
          chequers_serial_rivers_micro_a, minmay_fractal_squares_diagonal_5
Sewer:    kennysheep_sewer_church

Skill      XL: |  1  2  3  4 |
---------------+-------------+-----
Earth Magic    | 4 5 |  5.1
Spellcasting   | 3 |  3.0
Conjurations   | 1 |  1.4
Transmutations | 1 |  1.0
Dodging        | |  1.7
Stealth        | |  2.4

Action                   |  1- 3 |  4- 6 || total
-------------------------+-------+-------++-------
Melee: Unarmed           |    10 |       ||    10
       Whip              |       |     7 ||     7
 Cast: Sandblast         |    63 |    40 ||   103
Armor: Robe              |    16 |    32 ||    48
Dodge: Dodged            |    28 |    49 ||    77
